 Dungeon Crawl Stone Soup version 0.18.1-47-g9310371 (webtiles) character file.

1005 sarahorange the Ruffian (level 8, 0/79 HPs)
             Began as a Troll Berserker on June 19, 2016.
             Was a Priest of Trog.
             Slain by a slave (2 damage)
             ... led by Pikel
             ... on level 5 of the Dungeon.
             The game lasted 00:26:07 (3949 turns).

sarahorange the Ruffian (Troll Berserker)           Turns: 3949, Time: 00:26:08

Health: 0/79       AC:  7    Str: 27    XL:     8   Next: 0%
Magic:  7/7        EV: 11    Int:  3    God:    Trog [***...]
Gold:   195        SH:  0    Dex: 10    Spells: 0 memorised, 7 levels left

rFire  . . .     SeeInvis .       - Unarmed
rCold  . . .     Gourm    +     v - +2 robe {rN+}
rNeg   + . .     Faith    .     (no shield)
rPois  .         Spirit   .     (helmet restricted)
rElec  .         Dismiss  .     (no cloak)
rCorr  .         Reflect  .     (gloves unavailable)
SustAt .         Harm     .     (boots unavailable)
MR     .....                    (no amulet)
Stlth  +.........               (no ring)
                                (no ring)

@: very slightly contaminated, hasted, very quick, not resistant to hostile
enchantments, very unstealthy
A: unfitting armour, claws 3, fast metabolism 3, gourmand, regeneration 2,
shaggy fur 1, tough skin 2
a: Berserk, Trog's Hand, Burn Spellbooks, Renounce Religion


You were on level 5 of the Dungeon.
You worshipped Trog.
Trog was most pleased with you.
You were completely stuffed.

You visited 1 branch of the dungeon, and saw 5 of its levels.

You collected 195 gold pieces.

Inventory:

Missiles
 k - 124 stones (quivered)
Armour
 a - a +0 animal skin
 v - a +2 robe of positive energy (worn)
Wands
 p - a wand of confusion (42/48)
Scrolls
 g - a scroll of teleportation
 h - a scroll of identify
 j - a scroll of amnesia {unknown}
 m - 7 scrolls of remove curse
 t - a scroll of enchant armour {unknown}
 u - a scroll of random uselessness {unknown}
Potions
 c - a potion of mutation {unknown}
 e - a potion of might {unknown}
 f - a potion of lignification {unknown}
 i - a potion of degeneration {unknown}
 r - a potion of invisibility {unknown}
 s - a potion of flight
Comestibles
 b - 4 bread rations
 d - a chunk of flesh


   Skills:
 + Level 4.5 Fighting
 + Level 0.1 Throwing
 + Level 5.1 Dodging
 + Level 1.4 Stealth
 + Level 6.0 Unarmed Combat


You had 7 spell levels left.
You didn't know any spells.

Dungeon Overview and Level Annotations

Branches:
Dungeon (5/15)             Temple (0/1) D:4

Altars:
Makhleb
Qazlal

Shops:
D:4 [

Annotations:
D:5 Pikel


Innate Abilities, Weirdness & Mutations

You are too large for most types of armour.
You have claws for hands.
Your metabolism is lightning-fast.
You like to eat raw meat.
You heal very quickly.
You are covered in fur (AC +1).
You have very tough skin (AC +2).


Message History

Pikel hits you with a whip of electrocution.
The orc barely misses you. The slave hits you.
* * * LOW HITPOINT WARNING * * *
The orc barely misses you.
You feel yourself speed up. The slave hits you.
* * * LOW HITPOINT WARNING * * *
The orc hits you but does no damage. x2
Pikel hits you with a whip of electrocution.
* * * LOW HITPOINT WARNING * * *
You are electrocuted!
* * * LOW HITPOINT WARNING * * *
The orc misses you. The orc closely misses you. The slave hits you.
* * * LOW HITPOINT WARNING * * *
You are very lightly contaminated with residual magic.
The slave hits you.
* * * LOW HITPOINT WARNING * * *
The orc misses you.
You open the door. The slave hits you.
You die...

#. +.........#.....#.....#####
#.###..##.....#.....#.....##...
#......##.....#.....'..........
#.............#.....#..........
#.............#.....#..........
#.............#.....#.....#####
#......##..oKp#.....##+####....
#......##..oop#....># #....
#.......#.p.o.@.....# #.(..
#.......#...p.#.....# #....
#.......#...(.#.....####+##....
#.......#.....#.<..............
#.......#.....#................
#.......#.....#................
#......##.....#............
#......##.....#............
#......# #.....#######


You could see Pikel, 4 slaves and 4 orcs.

Vanquished Creatures
  The ghost of Rationalist the Chopper, an amateur MiBe of Trog (D:4)
  A sky beast (D:5)
  An ogre (D:4)
  A phantom (D:4)
  A giant frog zombie (D:4)
  The ghost of matakusis the Caller, a weakling DESu (D:3)
  4 orc wizards
  Jessica (D:3)
  3 worker ants (D:4)
  Ijyb (D:2)
  An iguana (D:4)
  A hound skeleton (D:4)
  8 adders
  2 shadow imps (D:5)
  An adder skeleton (D:4)
  A worm (D:2)
  5 dart slugs
  A giant gecko (D:4)
  9 orcs
  9 bats
  12 goblins
  8 hobgoblins
  2 kobolds
  3 quokkas
  3 ball pythons
  9 giant newts
  10 rats
100 creatures vanquished.

Vanquished Creatures (others)
  2 plants (D:4)
2 creatures vanquished.

Grand Total: 102 creatures vanquished

Notes
Turn   | Place    | Note
--------------------------------------------------------------
     0 | D:1      | sarahorange the Troll Berserker began the quest for the Orb.
     0 | D:1      | Reached XP level 1. HP: 22/22 MP: 0/0
   302 | D:1      | Reached XP level 2. HP: 25/29 MP: 1/1
   531 | D:1      | Reached ** piety under Trog
   587 | D:1      | Reached XP level 3. HP: 34/37 MP: 2/2
  1110 | D:2      | Reached XP level 4. HP: 43/45 MP: 3/3
  1159 | D:2      | Noticed Ijyb
  1173 | D:2      | Killed Ijyb
  1454 | D:2      | Reached skill level 4 in Unarmed Combat
  1535 | D:3      | Noticed matakusis's ghost (weakling DESu)
  1543 | D:3      | Killed matakusis's ghost
  1543 | D:3      | Reached XP level 5. HP: 4/53 MP: 4/4
  1543 | D:3      | HP: 1/53 [poisoned by matakusis's ghost]
  1705 | D:3      | Found a faded altar to an unknown god.
  1804 | D:3      | Found a stormy altar of Qazlal.
  1807 | D:3      | Noticed a fire elemental
  1807 | D:3      | Noticed a water elemental
  1807 | D:3      | Noticed an air elemental
  1974 | D:3      | Reached *** piety under Trog
  2296 | D:3      | Noticed Jessica
  2300 | D:3      | Killed Jessica
  2300 | D:3      | Reached XP level 6. HP: 61/61 MP: 5/5
  2504 | D:4      | Reached skill level 5 in Unarmed Combat
  2545 | D:4      | Found Doelel's Armour Boutique.
  2774 | D:4      | Noticed Rationalist's ghost (amateur MiBe)
  3132 | D:4      | Reached skill level 1 in Stealth
  3136 | D:4      | Reached XP level 7. HP: 42/70 MP: 6/6
  3287 | D:4      | Found a staircase to the Ecumenical Temple.
  3447 | D:4      | Killed Rationalist's ghost
  3609 | D:5      | Entered Level 5 of the Dungeon
  3744 | D:5      | Reached skill level 5 in Dodging
  3840 | D:5      | Reached skill level 6 in Unarmed Combat
  3840 | D:5      | Reached XP level 8. HP: 67/79 MP: 7/7
  3890 | D:5      | Found a burning altar of Makhleb.
  3933 | D:5      | Noticed Pikel
  3945 | D:5      | HP: 3/79 [Pikel/whip of electrocution (10)]
  3946 | D:5      | HP: 1/79 [slave[Pikel] (1)]
  3949 | D:5      | Slain by a slave

Skill      XL: |  1  2  3  4  5  6  7 |
---------------+----------------------+-----
Fighting       | 3 4 |  4.5
Dodging        | 3 4 5 |  5.1
Unarmed Combat | 4 5 6 |  6.0
Stealth        | 1 |  1.4
Throwing       | |  0.1

Action                   |  1- 3 |  4- 6 |  7- 9 || total
-------------------------+-------+-------+-------++-------
Melee: Unarmed           |   108 |   152 |    61 ||   321
       Punch             |     2 |     7 |     1 ||    10
Throw: Stone             |       |     2 |     2 ||     4
Invok: Trog's Hand       |       |     1 |       ||     1
       Burn Spellbooks   |       |     1 |     1 ||     2
       Berserk           |       |       |     1 ||     1
  Use: Scroll            |       |     5 |     5 ||    10
       Potion            |       |     5 |     1 ||     6
 Stab: Sleeping          |       |       |     1 ||     1
  Eat: Chunk             |    16 |    11 |     9 ||    36
       Bread ration      |       |       |     1 ||     1
       Pizza             |       |       |     1 ||     1
       Beef jerky        |       |       |     1 ||     1
Armor: Animal skin       |    39 |    23 |       ||    62
       Robe              |       |    18 |    14 ||    32
Dodge: Dodged            |    49 |    72 |    38 ||   159
